 Dungeon Crawl Stone Soup version 0.28-a0-683-ga8797d1ae1 (webtiles) character file.

Game seed: 14293329048418815343

655 ytrimaz the Chopper (level 7, -2/62 HPs)
             Began as a Minotaur Berserker on Oct 18, 2021.
             Was a Priest of Trog.
             Slain by Dowan (4 damage)
             ... on level 4 of the Dungeon.
             The game lasted 00:04:17 (3040 turns).

ytrimaz the Chopper (Minotaur Berserker)            Turns: 3040, Time: 00:04:18

Health: -2/62      AC: 10    Str: 24    XL:     7   Next: 29%
Magic:  6/6        EV:  8    Int:  4    God:    Trog [***...]
Gold:   163        SH:  4    Dex:  9    Spells: 6/6 levels left

rFire   . . .      SeeInvis .   a - +1 hand axe (freeze)
rCold   . . .      Faith    .   g - +0 buckler
rNeg    . . .      Spirit   .   b - +0 chain mail
rPois   .          Reflect  .   (helmet restricted)
rElec   .          Harm     .   (no cloak)
rCorr   .          Rampage  .   l - +0 pair of gloves
Will    .....                   (no boots)
Stlth   ..........              (no amulet)
HPRegen 0.20/turn               (no ring)
MPRegen 0.10/turn               (no ring)

@: on berserk cooldown, slowed, very slow
A: horns 2, retaliatory headbutt
a: Renounce Religion, Berserk, Trog's Hand


You were on level 4 of the Dungeon.
You worshipped Trog.
Trog was most pleased with you.
You visited 1 branch of the dungeon, and saw 4 of its levels.

You collected 163 gold pieces.

Inventory:

Hand Weapons
 a - a +1 hand axe of freezing (weapon)
 k - a +1 hand axe of flaming
Armour
 b - a +0 chain mail (worn)
 g - a +0 buckler (worn)
 l - a +0 pair of gloves (worn)
Wands
 j - a wand of mindburst (6)
Scrolls
 e - a scroll of noise
 n - 2 scrolls of identify
 o - a scroll of teleportation
 q - a scroll of enchant armour {unknown}
Potions
 c - a potion of attraction {unknown}
 d - a potion of cancellation {unknown}
 f - a potion of haste {unknown}
 h - 2 potions of flight {unknown}
 i - a potion of degeneration {unknown}
 m - a potion of experience {unknown}
 p - a potion of lignification {unknown}


   Skills:
 + Level 5.7 Fighting
 + Level 7.6 Axes
 + Level 4.8 Armour
 - Level 2.1 Dodging
 * Level 2.5 Shields


You had 6 spell levels left.
You didn't know any spells.
Your spell library was empty.

Dungeon Overview and Level Annotations

Branches:
Dungeon (4/15)
 Temple: D:4-7

Altars:

Annotations:
D:4 Dowan


Innate Abilities, Weirdness & Mutations

You have a pair of horns on your head.
You reflexively headbutt those who attack you in melee.


Message History

A red film seems to cover your vision as you go berserk!
You feel yourself moving faster!
You feel mighty!
Duvessa hits you with a +0 short sword of speed.
* * * LOW HITPOINT WARNING * * *
Dowan casts a spell at you. You resist with some effort.
Duvessa closely misses you.
You slash Duvessa! You freeze Duvessa. Your headbutt misses Duvessa.
Duvessa is severely wounded.
You hit Dowan. You freeze Dowan.
Duvessa hits you with a +0 short sword of speed.
* * * LOW HITPOINT WARNING * * *
Dowan gestures wildly while chanting.
Dowan blinks!
You slash Duvessa! You freeze Duvessa. Your headbutt misses Duvessa.
Duvessa is almost dead.
Duvessa barely misses you.
Duvessa hits you with a +0 short sword of speed.
* * * LOW HITPOINT WARNING * * *
You slash Duvessa! You freeze Duvessa.
You kill Duvessa!
Trog accepts your kill.
Dowan's eyes darken. "You have made a black mistake."
Dowan seems to find hidden reserves of power!
Unknown command.
You feel a strong urge to attack something.
You feel your anger nearly subside.
You are no longer berserk.
You are exhausted.
You feel yourself slow down.
Dowan casts a spell.
Dowan blinks!
You block Dowan's attack.
Dowan points at you and mumbles some strange words.
The shard of ice misses you.
Dowan casts a spell.
Dowan blinks!
Dowan casts a spell at you. The stone arrow hits you!
* * * LOW HITPOINT WARNING * * *
There is a stone staircase leading up here.
Dowan hits you with a +1 dagger of electrocution.
You die...

#..............#
...............##
.###...[.......[### .#
##....##.....#.### .#
#......#.........###### ##
.###..................#..#..###
.#......................).)...#
....#.........#................
....#..........e@.....#.##....#
.#....................### ...#
.# ##.#.......##..##...# .# .#
#..#..#.#...##....###
####....#####..#......
.##....###............#
.##....##...)..........
.#.....#...#...........
[..........##.........


You could see Dowan (fast).

Vanquished Creatures
  A steam dragon (D:4)
  Duvessa (D:4)
  An ogre (D:4)
  A scorpion (D:2)
  A hound (D:3)
  An orc priest (D:3)
  An iguana (D:4)
  A hound skeleton (D:4)
  4 gnolls (D:3)
  6 adders
  2 worms (D:2)
  2 dart slugs
  10 orcs
  A bat (D:1)
  4 endoplasms
  2 giant cockroaches
  5 goblins
  6 hobgoblins
  6 kobolds
  3 quokkas
  9 ball pythons
  3 frilled lizards
  12 rats
83 creatures vanquished.

Notes
Turn   | Place    | Note
-------+----------+-------------------------------------------
     0 | D:1      | ytrimaz the Minotaur Berserker began the quest for the Orb.
     0 | D:1      | Reached XP level 1. HP: 19/19 MP: 0/0
   143 | D:1      | Reached skill level 4 in Axes
   143 | D:1      | Reached XP level 2. HP: 25/27 MP: 1/1
   881 | D:2      | Reached XP level 3. HP: 33/33 MP: 2/2
   969 | D:2      | Reached ** piety under Trog
  1610 | D:2      | Noticed a scorpion
  1618 | D:2      | Killed a scorpion
  1619 | D:2      | Reached skill level 5 in Axes
  1619 | D:2      | Reached XP level 4. HP: 41/41 MP: 3/3
  1787 | D:2      | Reached XP level 5. HP: 45/47 MP: 4/4
  1966 | D:3      | Reached skill level 5 in Fighting
  1966 | D:3      | Reached skill level 6 in Axes
  2252 | D:3      | Reached XP level 6. HP: 56/56 MP: 5/5
  2657 | D:4      | Reached skill level 1 in Shields
  2824 | D:4      | Noticed a steam dragon
  2831 | D:4      | Killed a steam dragon
  2832 | D:4      | Reached skill level 7 in Axes
  2832 | D:4      | Reached XP level 7. HP: 61/61 MP: 6/6
  2920 | D:4      | Reached *** piety under Trog
  3019 | D:4      | Noticed Dowan
  3020 | D:4      | Noticed Duvessa
  3032 | D:4      | Killed Duvessa
  3039 | D:4      | HP: 1/62 [Dowan/stone arrow (9)]
  3040 | D:4      | Slain by Dowan

Illustrated notes

Levels and vault maps discovered:
D:1:      dpeg_arrival_ratfight, layout_basic
D:2:      minmay_razor_zed, layout_loops_cross, minmay_misc_feat_roman,
          kennysheep_boxes
D:3:      layout_loops_ring, minmay_misc_feat_iff, solitary_fountain
D:4:      layout_cave_pools, uniq_duvessa

Skill      XL: |  1  2  3  4  5  6 |
---------------+-------------------+-----
Fighting       | 4 5 |  5.7
Axes           | 4 5 6 7 |  7.6
Armour         | 3 4 |  4.8
Shields        | 2 |  2.5
Dodging        | |  2.1

Action                   |  1- 3 |  4- 6 |  7- 9 || total
-------------------------+-------+-------+-------++-------
Melee: Hand axe          |    69 |    79 |    20 ||   168
       Headbutt          |    14 |    10 |     1 ||    25
Throw: Throwing net      |       |     1 |       ||     1
Invok: Berserk           |     1 |     1 |     1 ||     3
  Use: Scroll            |       |     6 |       ||     6
 Stab: Held in net/web   |       |     1 |       ||     1
Armor: Animal skin       |     8 |       |       ||     8
       Scale mail        |    11 |    11 |       ||    22
       Chain mail        |       |    29 |    11 ||    40
Dodge: Dodged            |    46 |    33 |    10 ||    89
Block: Buckler           |       |     2 |     3 ||     5

Table legend: (Time is in decaauts)
 A = Elapsed time spent in this place.
 B = Non-inter-level travel time spent in this place.
 C = Inter-level travel time spent in this place.
 D = Time resting spent in this place.
 E = Time spent auto-exploring this place.
 F = Levels seen in this place.
 G = Mean time per level.
                   A        B        C        D        E       F      G
               +--------+--------+--------+--------+--------+-----+--------+
         Total |   3065 |   2952 |    113 |      0 |   2218 |   4 |  766.2 |
       Dungeon |   3065 |   2952 |    113 |      0 |   2218 |   4 |  766.2 |
               +--------+--------+--------+--------+--------+-----+--------+

Top non-repeatable levels by time:
     D:2: 1074 daAuts
     D:1: 879 daAuts
     D:3: 710 daAuts
     D:4: 400 daAuts
